[ PARTIDA AOE2 · #507635069 ]
UnrankedJemeres vs Slavs
Equipo del jugador · VICT
Equipo rival · DERR
[ ANÁLISIS DE REPETICIÓN · EXTRAÍDO DE LA PARTIDA GRABADA ]
Feudal
8:51
Castillos
—
Imperial
—
| APM promedio | 28.3 |
| APM pico | 55 |
| eAPM promedio | 12.4 |
| Aldeanos / militares | 29 / 0 |
Foco
⚔️ 29.3% · 🌾 70.7%
Feudal
9:19
Castillos
—
Imperial
—
| APM promedio | 66.9 |
| APM pico | 103 |
| eAPM promedio | 20.7 |
| Aldeanos / militares | 25 / 2 |
Foco
⚔️ 37.8% · 🌾 62.2%
Spearman ×2
Mapa de la partida
Recursos iniciales + cada clic de construcción. Líneas = muros · curvas = relieve. ◆ oro · ⬟ piedra · ● bayas · ✦ reliquia · ◌ hueco del cierre
Tu base· Abierta — flanco sin cerrar
Base de 所以动心任性,增敌人· Abierta — flanco sin cerrar
Terreno inicial suavizado · ◌ = hueco del cierre detectado · pasá el cursor para detalles
Inputs por minuto
— Lord_calderon - - 所以动心任性,增敌人
Build order — Lord_calderon
51 acciones detectadas en el replay
| 0:01 | Encolar | Villager (Male) |
| 0:02 | Encolar | Villager (Male) |
| 0:03 | Construir | House |
| 0:04 | Construir | House |
| 0:35 | Encolar | Villager (Male) |
| 0:35 | Encolar | Villager (Male) |
| 0:36 | Encolar | Villager (Male) |
| 1:36 | Encolar | Villager (Male) |
| 2:00 | Encolar | Villager (Male) |
| 2:00 | Encolar | Villager (Male) |
| 2:31 | Encolar | Villager (Male) |
| 2:31 | Encolar | Villager (Male) |
| 2:33 | Encolar | Villager (Male) |
| 2:56 | Encolar | Villager (Male) |
| 3:10 | Construir | House |
| 3:18 | Encolar | Villager (Male) |
| 3:19 | Encolar | Villager (Male) |
| 3:19 | Encolar | Villager (Male) |
| 3:44 | Encolar | Villager (Male) |
| 4:02 | Construir | Mill |
| 4:13 | Encolar | Villager (Male) |
| 4:49 | Encolar | Villager (Male) |
| 5:07 | Encolar | Villager (Male) |
| 5:08 | Investigar | Loom |
| 6:41 | Investigar | Feudal Age |
| 7:08 | Construir | Mining Camp |
| 8:08 | Construir | House |
| 8:31 | Encolar | Villager (Male) |
| 8:51 | Edad | Edad Feudal |
| 9:12 | Construir | Watch Tower |
| 9:17 | Encolar | Villager (Male) |
| 9:46 | Construir | Watch Tower |
| 9:47 | Encolar | Villager (Male) |
| 9:48 | Encolar | Villager (Male) |
| 10:03 | Construir | Gate |
| 10:15 | Construir | Gate |
| 10:19 | Encolar | Villager (Male) |
| 10:24 | Construir | Gate |
| 10:51 | Construir | Blacksmith |
| 11:00 | Construir | House |
| 11:22 | Encolar | Villager (Male) |
| 11:48 | Encolar | Villager (Male) |
| 12:11 | Investigar | Fletching |
| 12:11 | Investigar | Fletching |
| 12:31 | Construir | Watch Tower |
| 12:35 | Encolar | Villager (Male) |
| 12:39 | Construir | Lumber Camp |
| 13:00 | Encolar | Villager (Male) |
| 13:13 | Construir | Palisade Wall |
| 13:20 | Construir | Palisade Wall |
| 13:45 | Encolar | Villager (Male) |
Build order — 所以动心任性,增敌人
53 acciones detectadas en el replay
| 0:00 | Encolar | Villager (Male) |
| 0:01 | Encolar | Villager (Male) |
| 0:03 | Construir | House |
| 0:04 | Construir | House |
| 0:09 | Encolar | Villager (Male) |
| 0:12 | Encolar | Villager (Male) |
| 1:16 | Encolar | Villager (Male) |
| 1:57 | Encolar | Villager (Male) |
| 2:14 | Construir | Lumber Camp |
| 2:27 | Encolar | Villager (Male) |
| 2:33 | Encolar | Villager (Male) |
| 2:57 | Encolar | Villager (Male) |
| 3:27 | Encolar | Villager (Male) |
| 3:53 | Encolar | Villager (Male) |
| 3:55 | Construir | House |
| 3:56 | Construir | Palisade Wall |
| 4:00 | Encolar | Villager (Male) |
| 4:29 | Encolar | Villager (Male) |
| 4:45 | Construir | Mill |
| 4:56 | Encolar | Villager (Male) |
| 5:10 | Encolar | Villager (Male) |
| 5:52 | Encolar | Villager (Male) |
| 6:19 | Encolar | Villager (Male) |
| 6:30 | Encolar | Villager (Male) |
| 6:41 | Investigar | Loom |
| 7:09 | Investigar | Feudal Age |
| 7:10 | Investigar | Feudal Age |
| 7:13 | Construir | Lumber Camp |
| 7:33 | Construir | Palisade Wall |
| 8:36 | Construir | Palisade Wall |
| 8:39 | Encolar | Villager (Male) |
| 8:53 | Construir | Barracks |
| 9:03 | Encolar | Villager (Male) |
| 9:13 | Construir | House |
| 9:19 | Edad | Edad Feudal |
| 9:23 | Investigar | Double-Bit Axe |
| 9:46 | Encolar | Spearman |
| 9:48 | Encolar | Villager (Male) |
| 9:53 | Construir | Palisade Wall |
| 10:00 | Construir | Palisade Wall |
| 10:05 | Encolar | Villager (Male) |
| 10:07 | Encolar | Spearman |
| 10:42 | Encolar | Villager (Male) |
| 11:12 | Construir | Watch Tower |
| 11:34 | Encolar | Villager (Male) |
| 11:40 | Construir | Stable |
| 11:53 | Construir | Farm |
| 11:54 | Construir | Farm |
| 11:54 | Construir | Farm |
| 11:54 | Construir | Farm |
| 12:07 | Encolar | Villager (Male) |
| 12:25 | Construir | Farm |
| 12:44 | Construir | Farm |
Cronología de la partida
| 3:56 | 所以动心任性,增敌人 · wall_segment Palisade Wall x1 |
| 7:33 | 所以动心任性,增敌人 · wall_segment Palisade Wall x9 |
| 8:36 | 所以动心任性,增敌人 · wall_segment Palisade Wall x6 |
| 8:51 | Lord_calderon · age_up feudal |
| 8:53 | 所以动心任性,增敌人 · first_building Barracks |
| 9:19 | 所以动心任性,增敌人 · age_up feudal |
| 9:53 | 所以动心任性,增敌人 · wall_segment Palisade Wall x10 |
| 10:00 | 所以动心任性,增敌人 · wall_segment Palisade Wall x9 |
| 11:40 | 所以动心任性,增敌人 · first_building Stable |
| 13:13 | Lord_calderon · wall_segment Palisade Wall x2 |
| 13:20 | Lord_calderon · wall_segment Palisade Wall x2 |
| 14:05 | 所以动心任性,增敌人 · resign |
[ ANÁLISIS IA · 1 CRÉDITO ]
¿Qué pasó realmente en esta partida?
Wolo.gg analiza cada decisión: build order, eco, micro, errores típicos por bracket. Análisis personalizado por WhatsApp o Discord en 30 segundos.
Guía civ
Jemeres
Perfil
Jugador #2723392